 Dungeon Crawl Stone Soup version 0.32-a0-913-g739538afd8 (webtiles) character file.

Game seed: 12567002930335362770

2331 DrunkBamboolord the Cleaver (level 9, -2/64 (69) HPs)
             Began as a Coglin Berserker on Apr 7, 2024.
             Was an Elder of Trog.
             Slain by a wight
             ... wielding a +5 mace
              (9 damage)
             ... on level 7 of the Dungeon on Apr 8, 2024.
             The game lasted 00:09:11 (6188 turns).

DrunkBamboolord the Cleaver (Coglin Berserker)      Turns: 6188, Time: 00:09:11

HP:   -2/64 (69)    AC: 11    Str: 21    XL:     9   Next: 42%
MP:   9/9           EV: 12    Int:  8    God:    Trog [****..]
Gold: 420           SH:  0    Dex: 13    Spells: 8/8 levels left

rFire   . . .        a - +0 hand axe {Henutmehyt}
rCold   . . .        o - +3 hand axe (heavy) {Kaspar}
rNeg    . . .        k - +0 ring mail
rPois   .            p - +0 helmet
rElec   .            (no cloak)
rCorr   .            g - +0 pair of gloves
SInv    .            q - +2 pair of boots
Will    ++...        (amulet unavailable)
Stlth   +            (ring unavailable)
HPRegen 1.30/turn    (ring unavailable)
MPRegen 0.11/turn    (no gizmo)

%: no passive effects
@: strong-willed, on berserk cooldown, regenerating, slowed, studying Short
Blades, drained, revving, very slow
A: off-hand wielding, slow wielding, warmup strikes, no jewellery
a: Invent Gizmo, Renounce Religion, Berserk, Trog's Hand, Brothers in Arms


You were on level 7 of the Dungeon.
You worshipped Trog.
Trog was greatly pleased with you.
You visited 2 branches of the dungeon, and saw 8 of its levels.
You also visited: Sewer.

You collected 420 gold pieces.

Inventory:

Hand Weapons
 a - a +0 hand axe (weapon) {Henutmehyt}
 o - a +3 heavy hand axe (offhand) {Kaspar}
Missiles
 t - a throwing net (quivered)
Armour
 g - a +0 pair of gloves (worn)
 k - a +0 ring mail (worn)
 p - a +0 helmet (worn)
 q - a +2 pair of boots (worn)
Wands
 j - a wand of charming (6)
Scrolls
 c - 2 scrolls of fear
 e - 3 scrolls of teleportation
 m - 3 scrolls of fog
 n - 2 scrolls of noise
 s - a scroll of immolation {unknown}
 u - 2 scrolls of enchant armour {unknown}
 v - 2 scrolls of blinking {unknown}
Potions
 d - 2 potions of lignification
 f - a potion of mutation
 h - a potion of enlightenment {unknown}
 i - 3 potions of might
 l - a potion of curing
 r - a potion of magic {unknown}
 x - a potion of resistance {unknown}


   Skills:
 + Level 6.2 Fighting
 * Level 8.4 Axes
 + Level 5.2 Armour
 + Level 5.2 Dodging


You had 8 spell levels left.
You didn't know any spells.
Your spell library was empty.

Dungeon Overview and Level Annotations

Branches:
Dungeon (7/15)             Temple (1/1) D:6           Sewer (visited)

Altars:
Ashenzari
Cheibriados
Dithmenos
Elyvilon
Fedhas
Gozag
Hepliaklqana
Kikubaaqudgha
Makhleb
Nemelex Xobeh
Okawaru
Qazlal
Ru
Sif Muna
Uskayaw
Vehumet
Wu Jian
Xom
Yredelemnul
Zin
The Shining One


Innate Abilities, Weirdness & Mutations

You can wield a second weapon in your off-hand.
It takes a long time for you to wield or remove held weapons.
Your first few attacks do less damage.
You cannot equip rings or amulets.


Message History

A wight comes into view. It is wielding a +1 scimitar.
The orc wizard casts a spell.
The orc wizard flickers and vanishes!
Deactivating autopickup; reactivate with Ctrl-A.
Your skin crawls.
You feel strong-willed. The wight hits you with a +5 mace.
* * * LOW HITPOINT WARNING * * *
You feel drained.
* * * LOW HITPOINT WARNING * * *
The wight hits you but does no damage.
You hit the wight but do no damage.
You hit the wight with your +3 heavy hand axe.
The wight misses you.
You slash the wight with your +0 hand axe!
The wight is heavily damaged.
You hit something with your +0 hand axe.
Trog accepts your kill.
Trog appreciates your killing of a magic user.
Reactivating autopickup.
You feel a bit more experienced.
You barely miss the wight with your +3 heavy hand axe.
The wight barely misses you. The wight hits you with a +5 mace.
* * * LOW HITPOINT WARNING * * *
You feel drained.
* * * LOW HITPOINT WARNING * * *
You closely miss the wight with your +3 heavy hand axe.
The wight is heavily damaged.
You hit the wight with your +0 hand axe.
The wight hits you but does no damage. The wight hits you with a +5 mace.
* * * LOW HITPOINT WARNING * * *
The wight hits you with a +1 scimitar!
* * * LOW HITPOINT WARNING * * *
You feel better. The wight barely misses you.
The wight hits you with a +5 mace.
* * * LOW HITPOINT WARNING * * *
You feel better. The wight hits you with a +1 scimitar.
* * * LOW HITPOINT WARNING * * *
You feel drained. The wight hits you with a +5 mace!
You die...

#..>....###.....
.....#.......#.
.........##....#...
.........##?..#...##
..........#.#......#!
........#.#.#........
.....#)#...#........
#......)zz#.#........
##.....))@..#......#
...................##
...#.......##.......#
.....#..##.##.......#
######..##.##.......#
#..##.##......## ...
..##.#...## ##.
.###.##### ##.#


You could see 2 wights.

Vanquished Creatures
  An ice beast (D:6)
  A sky beast (D:7)
  2 black bears
  An ogre (D:4)
  3 centaurs
  5 kobold brigands
  3 scorpions (D:6)
  A wight (D:7)
  2 bombardier beetles
  9 hounds
  An orc priest (D:3)
  A sleepcap (D:4)
  7 iguanas
  3 orc wizards
  15 adders
  8 gnolls
  4 river rats (Sewer)
  3 dart slugs
  9 ribbon worms
  14 orcs
  10 endoplasms
  4 giant cockroaches
  6 goblins
  6 hobgoblins
  20 kobolds
  4 quokkas
  14 ball pythons
  3 bats
  7 frilled lizards
  8 rats
175 creatures vanquished.

Vanquished Creatures (others)
  An orc wizard (D:7)
1 creature vanquished.

Grand Total: 176 creatures vanquished

Notes
Turn   | Place    | Note
-------+----------+-------------------------------------------
     0 | D:1      | DrunkBamboolord the Coglin Berserker began the quest for
                  | the Orb.
     0 | D:1      | Reached XP level 1. HP: 18/18 MP: 1/1
   271 | D:1      | Reached XP level 2. HP: 24/24 MP: 2/2
   335 | D:1      | Found a faded altar of an unknown god.
   856 | D:2      | Reached ** piety under Trog
   927 | D:2      | Reached XP level 3. HP: 26/29 MP: 3/3
  1132 | D:2      | Reached XP level 4. HP: 35/35 MP: 4/4
  1961 | D:3      | Reached skill level 4 in Axes
  1961 | D:3      | Reached XP level 5. HP: 41/41 MP: 5/5
  2391 | D:3      | Reached *** piety under Trog
  2706 | D:4      | Reached XP level 6. HP: 40/48 MP: 6/6
  2902 | D:4      | Reached skill level 5 in Axes
  3310 | D:4      | Reached XP level 7. HP: 55/55 MP: 7/7
  3590 | D:5      | Entered Level 5 of the Dungeon
  3787 | D:5      | Reached skill level 6 in Axes
  3790 | D:5      | Reached **** piety under Trog
  4013 | D:5      | Reached XP level 8. HP: 54/61 MP: 8/8
  4019 | D:5      | Reached skill level 5 in Fighting
  4030 | D:5      | Found a glowing drain.
  4041 | Sewer    | Entered a sewer
  4593 | Sewer    | Reached skill level 7 in Axes
  4890 | Sewer    | Upgraded the game from 0.32-a0-909-gc671339a80 to
                  | 0.32-a0-913-g739538afd8
  5022 | D:5      | Found a basalt altar of Yredelemnul.
  5069 | D:5      | Identified the +0 chain mail of Relativism {+Inv rC- Dex+2}
  5172 | D:5      | Found an ornate altar of the Wu Jian Council.
  5240 | D:6      | Found a staircase to the Ecumenical Temple.
  5351 | Temple   | Entered the Ecumenical Temple
  5419 | D:6      | Found a stormy altar of Qazlal.
  5525 | D:6      | Reached XP level 9. HP: 39/69 MP: 9/9
  5650 | D:6      | Found a shimmering blue altar of Sif Muna.
  5784 | D:6      | Reached skill level 5 in Armour
  5784 | D:6      | Reached skill level 5 in Dodging
  5832 | D:6      | Reached skill level 8 in Axes
  6186 | D:7      | HP: 1/66 [wight/+1 scimitar (9)]
  6188 | D:7      | Slain by a wight

Illustrated notes

Levels and vault maps discovered:
D:1:      ebering_hopf_link, layout_loops_ring,
          shapermc_ecumenical_altar_rom_forum, columned_hall_lemuel
D:2:      minmay_razor_zed, layout_basic, serial_rivers,
          chequers_serial_rivers_large_a, chequers_serial_rivers_large_b,
          chequers_serial_rivers_marsh, chequers_serial_rivers_room_a,
          chequers_serial_rivers_micro_d, chequers_serial_rivers_micro_e
D:3:      layout_loops_ring, corexii_corridor_pit
D:4:      layout_loops_ring
D:5:      layout_cave_pools, nzn_wu_jian_council_hall,
          mainiacjoe_overflow_surrounded_room,
          mainiacjoe_sewer_entry_somewhere_in_here_1, corexii_shack,
          grunt_ministairs_5, hangedman_decor_peaks_small
D:6:      layout_loops_cross, amcnicky_altar_gilded,
          mainiacjoe_overflow_alcove_2, minmay_temple_entry_hall,
          minmay_strange_pillars, sigmund_army
D:7:      layout_rooms, mainiacjoe_overflow_catwalk
Temple:   nicolae_temple_bog_church

Skill      XL: |  1  2  3  4  5  6  7  8  9 |
---------------+----------------------------+-----
Armour         | 2 3 4 5 |  5.2
Dodging        | 2 3 4 5 |  5.2
Axes           | 4 5 6 7 8 |  8.4
Fighting       | 4 5 6 |  6.2

Action                     |  1- 3 |  4- 6 |  7- 9 || total
---------------------------+-------+-------+-------++-------
  Melee: Dagger            |    51 |    49 |       ||   100
         Hand axe          |    52 |   163 |   379 ||   594
 Invoke: Berserk           |       |     1 |     3 ||     4
         Trog's Hand       |       |       |     1 ||     1
    Use: Scroll            |       |     2 |     8 ||    10
         Potion            |       |     1 |     3 ||     4
   Stab: Sleeping          |     2 |       |       ||     2
 Armour: Animal skin       |    12 |       |       ||    12
         Ring mail         |    12 |    68 |   192 ||   272
         Skin              |       |     1 |       ||     1
  Dodge: Dodged            |    27 |    76 |   162 ||   265

Table legend: (Time is in decaauts)
 A = Elapsed time spent in this place.
 B = Non-inter-level travel time spent in this place.
 C = Inter-level travel time spent in this place.
 D = Time resting spent in this place.
 E = Time spent auto-exploring this place.
 F = Levels seen in this place.
 G = Mean time per level.
                   A        B        C        D        E       F      G
               +--------+--------+--------+--------+--------+-----+--------+
         Total |   6483 |   6289 |    194 |    123 |   5029 |   9 |  720.3 |
       Dungeon |   5450 |   5256 |    194 |     75 |   4283 |   7 |  778.6 |
        Temple |      1 |      1 |      0 |      0 |      0 |   1 |    1.0 |
         Sewer |   1031 |   1031 |      0 |     48 |    746 |   1 | 1031.0 |
               +--------+--------+--------+--------+--------+-----+--------+

Top non-repeatable levels by time:
     D:2: 1222 daAuts
   Sewer: 1031 daAuts
     D:4: 916 daAuts
     D:6: 906 daAuts
     D:5: 797 daAuts
     D:3: 774 daAuts
     D:1: 760 daAuts
     D:7: 72 daAuts
  Temple: 1 daAuts
